Map: Galactic Process LE

Players

SethN

  • Race: Protoss Protoss
  • League: Master

Maplez - Winner!

  • Race: Protoss Protoss
  • League: Master

VOD

Have the link to the VOD?

Description

Time

  • Played on: Sept. 4, 2016, 4:54 p.m.
  • Length: 6:01
Show
View Real Time Build Order
Export as new Build Order

SethN Protoss 

Build Orders: Cannon Rush 

Get SALT Encoding   

  12  0:01  Probe (Chrono Boost)  
  13  0:11  Probe (Chrono Boost)  
  14  0:18  Pylon  
  14  0:22  Probe (Chrono Boost)  
  15  0:36  Probe (Chrono Boost)  
  15  0:38  Forge  
  16  0:46  Probe (Chrono Boost)  
  17  1:01  Pylon  
  17  1:20  Photon Cannon  
  17  1:29  Pylon  
  17  1:44  Pylon  
  17  1:50  Photon Cannon  
  17  1:53  Pylon, Photon Cannon  
  17  2:12  Photon Cannon  
  17  2:13  Photon Cannon  
  17  2:16  Photon Cannon  
  17  2:25  Pylon  
  16  2:35  Photon Cannon  
  16  2:39  Photon Cannon  
  16  2:43  Photon Cannon  
  16  2:48  Pylon  
  16  3:02  Pylon  
  16  3:05  Photon Cannon  
  16  3:24  Photon Cannon  
  16  3:26  Gateway  
  16  3:28  Photon Cannon  
  16  3:37  Photon Cannon  
  16  3:40  Probe (Chrono Boost)  
  17  3:46  Assimilator  
  17  3:59  Photon Cannon  
  16  4:13  Photon Cannon  
  16  4:38  Probe (Chrono Boost)  
  15  4:45  Assimilator  
  14  5:12  Zealot  
  12  5:49  Cybernetics Core  
Show
View Real Time Build Order
Export as new Build Order

Maplez Protoss - Winner!

Build Orders:  

Get SALT Encoding   

  12  0:01  Probe (Chrono Boost)  
  13  0:11  Probe (Chrono Boost)  
  14  0:17  Pylon  
  14  0:22  Probe (Chrono Boost)  
  15  0:35  Probe (Chrono Boost)  
  16  0:36  Gateway  
  16  0:46  Probe (Chrono Boost)  
  16  0:47  Assimilator  
  17  0:56  Probe (Chrono Boost)  
  18  0:58  Assimilator  
  18  1:07  Probe (Chrono Boost)  
  18  1:09  Gateway  
  19  1:18  Probe (Chrono Boost)  
  20  1:21  Zealot  
  22  1:29  Cybernetics Core  
  22  1:31  Pylon  
  21  2:07  Stalker  
  21  2:08  Mothership Core (Chrono Boost)  
  23  2:15  Pylon  
  25  2:35  Stalker  
  25  2:57  Gateway  
  25  3:13  Nexus  
  24  3:20  Probe (Chrono Boost)  
  24  3:35  Cybernetics Core  
  24  3:38  Probe (Chrono Boost)  
  22  3:57  Warp Gate  
  22  4:11  Pylon  
  22  4:45  Gateway, Stalker  
  24  4:53  Assimilator  
  24  4:54  Assimilator  
  24  5:05  Probe (Chrono Boost)  
  25  5:12  Gateway  
  25  5:16  Robotics Facility  
  25  5:21  Probe (Chrono Boost)  
  26  5:30  Pylon  
  26  5:33  Probe (Chrono Boost)  
  27  5:45  Probe (Chrono Boost)  
  28  5:56  Pylon  
Tags
 
Add a new tag
Caveats
  • Supply blocks, unpowered buildings, or Contaminate may cause inaccurate times.
  • Supply counts are checked every 10 seconds.